 Dungeon Crawl Stone Soup version 0.24.0-13-gcf9b319 (webtiles) character file.

Game seed: 2618469902164165179, levelgen mode: deterministic

22 Bronimir the Firebug (level 2, -1/26 HPs)
             Began as an Ogre Fire Elementalist on Mar 28, 2020.
             Slain by a kobold
             ... wielding a +0 short sword
              (2 damage)
             ... on level 1 of the Dungeon.
             The game lasted 00:01:31 (1106 turns).

Bronimir the Firebug (Ogre Fire Elementalist)       Turns: 1106, Time: 00:01:31

Health: -1/26      AC:  3    Str: 11    XL:     2   Next: 91%
Magic:  1/5        EV: 10    Int: 16    God:
Gold:   42         SH:  0    Dex:  9    Spells: 3/6 levels left

rFire    . . .     SeeInvis .   b - +0 club
rCold    . . .     Gourm    .   (no shield)
rNeg     . . .     Faith    .   a - +0 robe
rPois    .         Spirit   .   (helmet restricted)
rElec    .         Reflect  .   (no cloak)
rCorr    .         Harm     .   (gloves unavailable)
MR       .....                  (boots unavailable)
Stlth    +.........             (no amulet)
HPRegen  0.08/turn              (no ring)
MPRegen  0.09/turn              (no ring)

@: no status effects
A: large, unfitting armour, tough skin 1
a: no special abilities


You were on level 1 of the Dungeon.
You were hungry.

You visited 1 branch of the dungeon, and saw 1 of its levels.

You collected 42 gold pieces.

Inventory:

Hand Weapons
 b - a +0 club (weapon)
Armour
 a - a +0 robe (worn)
Jewellery
 e - an uncursed amulet of faith {unknown}
 f - an uncursed ring of protection from fire {unknown}
Scrolls
 h - a scroll of identify {unknown}
Potions
 d - a potion of heal wounds {unknown}
 g - a potion of cancellation {unknown}
Comestibles
 c - 3 rations


   Skills:
 + Level 0.6 Fighting
 + Level 2.0 Dodging
 - Level 1.4 Stealth
 * Level 2.7 Spellcasting
 * Level 1.0 Conjurations
 * Level 3.2 Fire Magic


You had 3 spell levels left.
You knew the following spells:

 Your Spells              Type           Power        Failure   Level  Hunger
a - Flame Tongue          Conj/Fire      #....        9%          1    #......
b - Throw Flame           Conj/Fire      #.....       12%         2    ##.....

Your spell library contained the following spells:

 Spells                   Type           Power        Failure   Level  Hunger
 Conjure Flame            Conj/Fire      #.......     24%         3    ###....
 Inner Flame              Hex/Fire       #.......     30%         3    ###....
 Sticky Flame             Conj/Fire      #.......     63%         4    #####..
 Fireball                 Conj/Fire      #.........   92%         5    ######.


Dungeon Overview and Level Annotations

Branches:
Dungeon (1/15)

Altars:


Innate Abilities, Weirdness & Mutations

You are too large for most types of armour.
You have tough skin. (AC +1)


Message History

The flame tongue hits the hobgoblin!
You kill the hobgoblin!
Casting: Flame Tongue (safe; 9% risk of failure)
Confirm with . or Enter, or press ? or * to list all spells.
Aiming: Flame Tongue (safe; 9% risk of failure)
Press: ? - help, Shift-Dir - straight line, f - kobold
Aim: a kobold, wielding a +0 short sword The flame tongue hits the kobold.
The kobold is moderately wounded.
The kobold hits you with a +0 short sword.
* * * LOW HITPOINT WARNING * * *
Casting: Flame Tongue (safe; 9% risk of failure)
Confirm with . or Enter, or press ? or * to list all spells.
Aiming: Flame Tongue (safe; 9% risk of failure)
Press: ? - help, Shift-Dir - straight line, f/p - kobold
Aim: a kobold, wielding a +0 short sword (moderately wounded)
The flame tongue misses the kobold.
The flame tongue hits the dart slug.
The dart slug is severely wounded.
The kobold hits you with a +0 short sword.
You die...

#.......#.#
........
.#.......#.#
........
.........#.##
........
............#
........
............#
........
............#
........
.......w....#
#.#..... #K#
#..#.. #@#
#.####..
####.#
#.......
#....#
######.#
#.#### #.#
#...# #.#
###.#########
#..
#.....†...#
#####
#########.###
#.... #...#
###.#


You could see a dart slug and a kobold.

Vanquished Creatures
  A leopard gecko (D:1)
  A bat (D:1)
  A giant cockroach (D:1)
  2 goblins (D:1)
  6 hobgoblins (D:1)
  3 jackals (D:1)
  A ball python (D:1)
  2 rats (D:1)
17 creatures vanquished.

Notes
Turn   | Place    | Note
-------+----------+-------------------------------------------
     0 | D:1      | Bronimir the Ogre Fire Elementalist began the quest for the
                  | Orb.
     0 | D:1      | Reached XP level 1. HP: 16/16 MP: 3/3
    62 | D:1      | Reached skill level 3 in Fire Magic
   307 | D:1      | Reached XP level 2. HP: 24/24 MP: 3/5
   368 | D:1      | Learned a level 2 spell: Throw Flame
  1103 | D:1      | Reached skill level 1 in Conjurations
  1105 | D:1      | HP: 1/26 [kobold/+0 short sword (5)]
  1106 | D:1      | Slain by a kobold

Levels and vault maps discovered:
D:1:      dpeg_arrival_line_fractal, layout_basic

Skill      XL: |  1  2 |
---------------+-------+-----
Fire Magic     | 3 |  3.2
Dodging        | 2 |  2.0
Conjurations   | 1 |  1.0
Fighting       | |  0.6
Stealth        | |  1.4
Spellcasting   | |  2.7

Action                   || total
-------------------------++-------
Melee: Unarmed           ||    19
       Club              ||    36
 Cast: Flame Tongue      ||    25
Armor: Robe              ||    22
Dodge: Dodged            ||    51
